 Dungeon Crawl Stone Soup version 0.28-a0-616-gdeb3d7f7b4 (webtiles) character file.

Game seed: 7555360324984721386

29 MirrMurr the Sneak (level 3, -1/16 HPs)
             Began as a Spriggan Enchanter on Oct 6, 2021.
             Slain by a frilled lizard (3 damage)
             ... on level 1 of the Dungeon.
             The game lasted 00:02:14 (1242 turns).

MirrMurr the Sneak (Spriggan Enchanter)             Turns: 1242, Time: 00:02:15

Health: -1/16      AC:  2    Str:  5    XL:     3   Next: 1%
Magic:  3/8        EV: 17    Int: 16    God:
Gold:   29         SH:  0    Dex: 15    Spells: 5/7 levels left

rFire   . . .      SeeInvis +   a - +1 dagger
rCold   . . .      Faith    .   (shield restricted)
rNeg    . . .      Spirit   .   b - +0 robe
rPois   .          Reflect  .   (helmet restricted)
rElec   .          Harm     .   (no cloak)
rCorr   .          Rampage  .   (gloves unavailable)
Will    .....                   (boots unavailable)
Stlth   +++.......              (no amulet)
HPRegen 0.05/turn               (no ring)
MPRegen 0.11/turn               (no ring)

@: very slightly contaminated, very quick
A: very small, no large weapons, unfitting armour, see invisible, speed 3
a: no special abilities


You were on level 1 of the Dungeon.
You visited 1 branch of the dungeon, and saw 1 of its levels.

You collected 29 gold pieces.

Inventory:

Hand Weapons
 a - a +1 dagger (weapon)
Missiles
 d - 28 stones (quivered)
 e - 15 poisoned darts
Armour
 b - a +0 robe (worn)
Jewellery
 g - a +4 ring of protection
Scrolls
 h - a scroll of immolation
Potions
 c - a potion of invisibility


   Skills:
 + Level 2.4 Short Blades
 - Level 2.6 Dodging
 + Level 5.5 Stealth
 - Level 2.6 Spellcasting
 - Level 3.6 Hexes


You had 5 spell levels left.
You knew the following spells:

 Your Spells              Type           Power      Damage    Failure   Level
a - Ensorcelled Hibernat  Hex/Ice        14%        N/A       14%         2

Your spell library contained the following spells:

 Spells                   Type           Power      Damage    Failure   Level
 Confusing Touch          Hex            13%        N/A       13%         3
 Tukima's Dance           Hex            13%        N/A       13%         3
 Dazzling Flash           Conj/Hex       14%        N/A       28%         3


Dungeon Overview and Level Annotations

Branches:
Dungeon (1/15)

Altars:


Innate Abilities, Weirdness & Mutations

You are very small and have problems with some larger weapons.
You are too small for most types of armour.
You have supernaturally acute eyesight. (SInv)
You cover ground extremely quickly. (Speed+++)


Message History

Aim: a goblin, wielding a +0 club (chance to affect: 56%)
You miscast Ensorcelled Hibernation.
You are very lightly contaminated with residual magic.
Nothing appears to happen.
The goblin shouts!
The goblin barely misses you.
You miss the goblin. You closely miss the goblin.
The goblin hits you but does no damage.
You hit the goblin.
The goblin is moderately wounded.
The goblin hits you with a +0 club. The hobgoblin closely misses you.
You hit the goblin.
The goblin is severely wounded.
The goblin closely misses you. The hobgoblin closely misses you.
You closely miss the goblin.
The goblin is severely wounded.
The kobold hits you with a +0 short sword.
The goblin closely misses you. The kobold completely misses you.
The hobgoblin barely misses you.
Unknown command.
You hit the kobold.
The kobold is severely wounded.
The kobold barely misses you. The frilled lizard barely misses you.
The kobold hits you with a +0 dagger. The goblin hits you but does no damage.
The hobgoblin misses you.
You hit the kobold.
You kill the kobold!
The frilled lizard barely misses you. The kobold hits you with a +0 dagger.
* * * LOW HITPOINT WARNING * * *
The goblin barely misses you.
You have reached level 3!
Your experience leads to an increase in your attributes!
Increase (S)trength, (I)ntelligence, or (D)exterity?
You feel stronger.
As you read the scroll labelled ZOFAUF TEUNUE, it crumbles to dust.
It is a scroll of identify.
h - a scroll of immolation The hobgoblin barely misses you.
The goblin barely misses you. The frilled lizard bites you.
You die...

...[....#
#......##.##†##..K.....
........#
#.......†..............
###.#####
#......†..##...........
#.#
#.........#..###.......
#.# ##.#.........#
#..g...$ # #[####
#...........####....... #
#.†..#
#...................... #
##...#
#...##Kg..#.####....... #
##..####.####@g....#
..#..... #
#.........##lg....#
######..
#####....................
............>....#....###
#####..........#.#....#
### #..................#
..###''###..........#..#
..##.##.##.....###..##..
..#...##.#.....#


You could see a hobgoblin, 2 goblins, a kobold and a frilled lizard.

Vanquished Creatures
  3 dart slugs (D:1)
  3 ball pythons (D:1)
  3 bats (D:1)
  3 goblins (D:1)
  3 hobgoblins (D:1)
  3 kobolds (D:1)
  A quokka (D:1)
  A frilled lizard (D:1)
20 creatures vanquished.

Notes
Turn   | Place    | Note
-------+----------+-------------------------------------------
     0 | D:1      | MirrMurr the Spriggan Enchanter began the quest for the
                  | Orb.
     0 | D:1      | Reached XP level 1. HP: 9/9 MP: 5/5
   329 | D:1      | Reached XP level 2. HP: 13/13 MP: 6/6
   334 | D:1      | Reached skill level 5 in Stealth
   898 | D:1      | Learned a level 2 spell: Ensorcelled Hibernation
  1242 | D:1      | Reached XP level 3. HP: 2/16 MP: 2/8
  1242 | D:1      | Slain by a frilled lizard

Illustrated notes

Levels and vault maps discovered:
D:1:      saegor_arrival_simple_e, layout_rooms,
          hellmonk_ecumenical_altar_prayer_group, minmay_misc_feat_four_crosses,
          minmay_unequal

Skill      XL: |  1  2 |
---------------+-------+-----
Stealth        | 5 |  5.5
Short Blades   | 2 |  2.4
Dodging        | |  2.6
Spellcasting   | |  2.6
Hexes          | |  3.6

Action                   || total
-------------------------++-------
Melee: Dagger            ||    86
 Cast: Ensorcelled Hiber ||     3
  Use: Scroll            ||     1
 Stab: Sleeping          ||     9
Armor: Robe              ||    13
Dodge: Dodged            ||    76

Table legend: (Time is in decaauts)
 A = Elapsed time spent in this place.
 B = Non-inter-level travel time spent in this place.
 C = Inter-level travel time spent in this place.
 D = Time resting spent in this place.
 E = Time spent auto-exploring this place.
 F = Levels seen in this place.
 G = Mean time per level.
                   A        B        C        D        E       F      G
               +--------+--------+--------+--------+--------+-----+--------+
         Total |   1086 |   1086 |      0 |      0 |    875 |   1 | 1086.0 |
       Dungeon |   1086 |   1086 |      0 |      0 |    875 |   1 | 1086.0 |
               +--------+--------+--------+--------+--------+-----+--------+

Top non-repeatable levels by time:
     D:1: 1086 daAuts
